Unix NetHack Version 3.7.0-102 Work-in-progress - last build Apr 6 2024 13:22:21 (d302a6a9ff6341f1a922d8f5af178406b35fdf99,branch:master). Game began 2024-05-01 11:27:25, ended 2024-05-02 09:35:54. MalkMcJorma, chaotic male elven Ranger ---- --- ---..| ----|.------------------------------ --- --- --....----..--.......|-.....................|---------- --.---- --.----......|.........--..|....#.....--------....|.....)|..-- --.....| |...--.........--.-....|-....{........|..|%%@|....-....@.|...| --......| -..........)...(*.....|..#.....----..|..|m@.-(...|.....+|...| |.......-- |..---..--....#.---............| |..|..|----....--------.--- |-.......| ----|..<--..-- .....--....--|-| |..-|-|..................| |....--.-- |......-| --...|..|...|...|-+-.....---|-------------.-| --...----- ---.....- |....|..+...|(((|.............| |...|...|..|--------....| |......| |....---....|(.%|+------..{...| |...-...|..||..--......-- --.--..| --..........|---| |((.|......--+-...|...|..--..........| --- --- |..........|...| |((.-.............-----...>.........-- |...--.--..|...|--|(..|..--|---|-.........--.......|..| --..|...|......|..-----..|[..|..|-|---|--..|......----- --.|...-..-.|--.........|%?!|..|... ...|..|......| |.|...|................|%!!|..|...|...|........-- |.|---|................|--------------|.|.--.--- --- --.....------..--- -------- ---..-- |..| ---- ---- MalkMcJorma the Trailblazer St:16 Dx:12 Co:15 In:14 Wi:14 Ch:8 Chaotic Dlvl:6 $:0 HP:0(43) Pw:45(45) AC:1 Xp:7/814 T:3696 Latest messages: a - an uncursed +1 elven dagger named Sting (weapon in right hand). o - 13 uncursed daggers (alternate weapons; not wielded). What do you want to wield? [- a-doxD or ?*] b - an uncursed +1 elven bow (weapon in right hand). What do you want to wield? [- a-doxD or ?*] a - an uncursed +1 elven dagger named Sting (weapon in right hand). What do you want to wield? [- a-doxD or ?*] b - an uncursed +1 elven bow (weapon in right hand). In what direction? You shoot 2 elven arrows. The 1st elven arrow misses the wolf. The 2nd elven arrow hits the wolf! In what direction? You shoot 2 elven arrows. The 1st elven arrow hits the wolf! The 2nd elven arrow hits the wolf! You kill the wolf! There is a wolf corpse here; eat it? [ynq] (n) This wolf corpse is tough. You finish eating the wolf corpse. You see here 2 blessed +2 elven arrows. c - 2 blessed +2 elven arrows (in quiver) (43 in total). You see here a blessed +2 elven arrow. c - a blessed +2 elven arrow (in quiver) (44 in total). You stop. The priestess of Mercury doesn't want to swap places. What do you want to use or apply? [rxAC or ?*] What do you want to use or apply? [rxAC or ?*] You put 200 gold pieces into the bag. "Hello, MalkMcJorma! Welcome again to Tegal's delicatessen!" "Will you please leave your pick-axe outside?" What do you want to drop? [a-enortxyACD or ?*] You drop an uncursed pick-axe. "Hello, MalkMcJorma! Welcome again to Tegal's delicatessen!" You see here a fizzy potion (for sale, 67 zorkmids). Wait! That's a large mimic! The large mimic hits! You begin bashing monsters with your elven bow. You miss the large mimic. The large mimic hits! You cannot escape from the large mimic! What do you want to wield? [- a-doD or ?*] You are already wielding that! In what direction? You shoot 2 elven arrows. The 1st elven arrow hits the large mimic! Tegal seems uninterested. The 2nd elven arrow hits the large mimic! The large mimic hits! You die... Tegal gratefully inherits all your possessions. Inventory: Weapons (')') D - 6 uncursed +0 arrows c - 42 blessed +2 elven arrows (in quiver) d - 32 uncursed +0 elven arrows b - an uncursed +1 elven bow (weapon in right hand) o - 13 uncursed +0 daggers (alternate weapons; not wielded) a - the uncursed +1 Sting Armor ('[') n - a blessed +0 dwarvish iron helm (being worn) t - an uncursed +2 pair of iron shoes (being worn) e - an uncursed +2 elven cloak (being worn) Rings ('=') y - an uncursed ring of free action (on left hand) Tools ('(') r - an uncursed sack containing 11 items A - an uncursed lock pick C - an uncursed oil lamp Contents of the sack: 218 gold pieces 3 uncursed cram rations an uncursed food ration 6 uncursed lembas wafers an uncursed tripe ration an uncursed partly used wax candle a cursed partly used wax candle an uncursed worthless piece of orange glass 2 uncursed worthless pieces of violet glass an uncursed worthless piece of yellow glass 2 uncursed worthless pieces of yellowish brown glass MalkMcJorma the Ranger's attributes: Background: You were a Trailblazer, a level 7 male elven Ranger. You were chaotic, on a mission for Mars who was opposed by Mercury (lawful) and Venus (neutral). You were right-handed. You were in the Gnomish Mines, on level 6. You entered the dungeon 3696 turns ago. You had 814 experience points, 466 more were needed to attain level 8. Basics: You had 0 out of 43 hit points. You had all 45 energy points (spell power). Your armor class was 1. Your wallet was empty, but you had 218 zorkmids stashed away in your pack. Autopickup was off. Final Characteristics: Your strength was 16 (limit:18). Your dexterity was 12 (limit:18). Your constitution was 15 (limit:16). Your intelligence was 14 (limit:20). Your wisdom was 14 (limit:20). Your charisma was 8 (limit:18). Final Status: You were held by a large mimic (west). You weren't hungry. You were unencumbered. You were wielding a bow. You had basic skill with bow. Final Attributes: You were piously aligned. You were sleep resistant. You had automatic searching. You had infravision. You were stealthy. You were warded. You had free action. You are dead. Miscellaneous: You disabled loading of bones levels. Total elapsed playing time was 39 minutes and 10 seconds. Major events: Turn 1: MalkMcJorma the chaotic male elven Ranger entered the dungeon 3: became literate by naming Sting 815: attained the rank of Lookout (level 3) 922: entered the Gnomish Mines 1733: reached Mine Town 2185: attained the rank of Trailblazer (level 6) 3696: killed by a large mimic Vanquished creatures: a large mimic 6 wolves a gnome ruler a gold golem a jaguar an orc shaman a rock piercer a yellow light a shrieker a violet fungus 5 gnome leaders a gnomish wizard 2 little dogs a floating eye 7 dwarves a kobold leader a rabid rat a centipede a giant bat a werejackal an iguana 2 acid blobs 2 hobbits a large kobold a giant rat 22 gnomes a gecko a jackal a kobold 4 goblins 2 sewer rats 4 grid bugs 4 lichens a kobold zombie 5 newts 88 creatures vanquished. No species were genocided or became extinct. Voluntary challenges: You read items or engraved 1 time. You never engraved Elbereth. You never genocided any monsters. You never polymorphed an object. You never changed form. You used no wishes. Achievements: You attained the rank of Lookout. You entered the Gnomish Mines. You entered Minetown. You attained the rank of Trailblazer. You entered a temple. You entered a shop. The Dungeons of Doom: levels 1 to 4 Level 1: Level 2: "Vault" An altar, a fountain. Level 3: A fountain. Stairs down to The Gnomish Mines. Level 4: The Gnomish Mines: levels 4 to 7 Level 4: Level 5: Level 6: <- You were here. A delicatessen, a temple and an altar, some fountains, some trees. Final resting place for you, killed by a large mimic. Level 7: Game over: ---------- / \ / REST \ / IN \ / PEACE \ / \ | MalkMcJorma | | 218 Au | | killed by a | | large mimic | | | | | | 2024 | *| * * * | * _________)/\\_//(\/(/\)/\//\/|_)_______ Goodbye MalkMcJorma the Ranger... You died in The Gnomish Mines on dungeon level 6 with 3753 points, and 218 pieces of gold, after 3696 moves. You were level 7 with a maximum of 43 hit points when you died.